 Dungeon Crawl Stone Soup version 0.29-a0-284-gf9362112df (webtiles) character file.

Game seed: 13362329255685455208

32 spaghetti the Magician (level 3, 0/28 HPs)
             Began as a Djinni Warper on Mar 26, 2022.
             Was a Follower of Fedhas.
             Slain by Robin
             ... wielding a +0 spear
              (2 damage)
             ... on level 2 of the Dungeon.
             The game lasted 00:04:24 (2131 turns).

spaghetti the Magician (Djinni Warper)              Turns: 2131, Time: 00:04:25

Health: 0/28       AC:  3    Str: 10    XL:     3   Next: 42%
Gold:   52         EV: 15    Int: 16    God:    Fedhas [*.....] SH:  0 Dex: 12

rFire   + + .      SeeInvis .   e - +0 dagger {short}
rCold   x . .      Faith    .   (no shield)
rNeg    . . .      Spirit   .   a - +0 leather armour
rPois   ∞          Reflect  .   (no helmet)
rElec   .          Harm     +   j - scarf {harm}
rCorr   .          Rampage  .   (no gloves)
Will    .....                   (boots unavailable)
Stlth   +.........              (no amulet)
HPRegen 0.09/turn               h - +4 ring of evasion
MPRegen 0.00/turn               (no ring)

@: flying
A: sickness immunity, fire resistance 2, cold vulnerability 1, float, innate
caster, HP casting, extra vitality 1
a: Renounce Religion


You were on level 2 of the Dungeon.
You worshipped Fedhas.
Fedhas was aware of your devotion.
You visited 1 branch of the dungeon, and saw 2 of its levels.

You collected 52 gold pieces.


Innate Abilities, Weirdness & Mutations

You are immune to sickness and miasma.
You are immune to poison.
Your flesh is very heat resistant. (rF++)
You are vulnerable to cold. (rC-)
You float through the air rather than walking.
You learn spells naturally, not from books.
Your magical power is your life essence.
You have superior vitality. (+4 MHP)


   Skills:
 - Level 2.0 Fighting
 - Level 0.7 Throwing
 - Level 1.0 Armour
 - Level 2.1 Dodging
 - Level 2.0 Unarmed Combat
 + Level 3.3 Spellcasting


You couldn't memorise any spells.
You knew the following spells:

 Your Spells              Type           Power      Damage    Failure   Level
a - Blink                 Tloc           26%        N/A       10%         2
b - Lesser Beckoning      Tloc           13%        N/A       19%         3
c - Gell's Gravitas       Tloc           13%        N/A       19%         3
d - Teleport Other        Tloc           13%        N/A       19%         3
e - Manifold Assault      Tloc           13%        N/A       86%         5
f - Summon Small Mammal   Summ           52%        N/A       6%          1
Your spell library was empty.

Inventory:

Hand Weapons
 e - a +0 dagger (weapon) {short}
   (You took it off a kobold on level 1 of the Dungeon)
Missiles
 c - 2 boomerangs of dispersal {=f!fthrowing}
 d - 33 stones (quivered) {throwing}
 g - 2 poisoned darts {throwing}
Armour
 a - a +0 leather armour (worn)
 j - a scarf of harm (worn)
   (You found it on level 1 of the Dungeon)
Jewellery
 h - a +4 ring of evasion (left hand)
   (You found it on level 1 of the Dungeon)
Scrolls
 f - a scroll of identify {unknown}
 i - a scroll of noise {unknown}

Dungeon Overview and Level Annotations

Branches:
Dungeon (2/15)

Altars:
Fedhas

Annotations:
D:2 Robin ###.##.# #.##># #.##.# #.##.# #.##.# #....# #### #..### #.g # #..# #.# #####)g)# #..# #@# #gg.gg#

#..#########.# #g###...#
###.........##.# #.# #
###.....##### #.# #.#
....###.#### #.# #.#
###.# #....# #.###.####.#
#.###.##.# #.g........#
#.....##.##.######.######
##.#####.##.# #.#


You could see Robin and a goblin.


Message History

No target in view!
No target in view!
No target in view!
No target in view!
No target in view!
No target in view!
No target in view!
No target in view!
You now have 45 gold pieces (gained 12).
You now have 52 gold pieces (gained 7).
Key pressed, stopping explore.
Found a stone staircase leading down.
There is a stone staircase leading down here.
You see here a +0 dagger {short}.
Found an escape hatch in the floor.
No target in view!
No target in view!
No target in view!
A sourceless malevolence fills the Dungeon... and a teleportation trap spontaneously manifests!
You are yanked towards some nearby monsters!
Your surroundings suddenly seem different.
Robin, 2 hobgoblins and 6 goblins come into view.
Robin shouts!
The hobgoblin shouts!
The goblin shouts! x2
The hobgoblin shouts!
The goblin shouts! x3; You hear a shout! x2
The goblin shouts!
Robin roars a battlecry!
The goblins go into a battle-frenzy!
The goblin moves out of view.
Unknown command.
Casting: Summon Small Mammal (safe; 6% risk of failure)
Confirm with . or Enter, or press ? or * to list all spells.
A goblin comes into view. It is wielding a +0 dagger.
The hobgoblin hits your rat.
Your rat dies!
Your rat's corpse disappears in a puff of smoke!
The hobgoblin hits you. The goblin misses you. 😮 HP[-8]
You take 8 damage, and now have 20/28 hp.
MASSIVE DAMAGE!! (PAUSE)
Casting: Summon Small Mammal (safe; 6% risk of failure)
Confirm with . or Enter, or press ? or * to list all spells.
The spell is quite dangerous to miscast (19% risk of failure)!
Continue anyway?
Aiming: Teleport Other (quite dangerous; 19% risk of failure)
Press: ? - help, Shift-Dir - straight line, f - goblin
Aim: a goblin, wielding a +0 club (strong, chance to affect: 69%)
The goblin looks slightly unstable.
The hobgoblin misses you.
The goblin completely misses you. 😮 HP[-2]
You take 2 damage, and now have 18/28 hp.
Casting: Teleport Other (quite dangerous; 19% risk of failure)
Confirm with . or Enter, or press ? or * to list all spells.
The spell is quite dangerous to miscast (19% risk of failure)!
Continue anyway?
Aiming: Gell's Gravitas (quite dangerous; 19% risk of failure)
Press: ? - help, Dir - move target, p - goblin Gravity reorients around empty space.
Something collides with Robin!
Fedhas appreciates your contribution to the ecosystem.
You feel a bit more experienced.
The goblin collides with something!
Something collides with the goblin!
You kill the goblin!
Fedhas appreciates your contribution to the ecosystem. x2
You feel a bit more experienced.
A goblin comes into view. It is wielding a +0 club.
The goblin hits you with a +0 club.
* * * LOW HITPOINT WARNING * * *
The hobgoblin closely misses you. 😨 HP[-10]
You take 10 damage, and now have 8/28 hp.
MASSIVE DAMAGE!! (PAUSE)
Casting: Gell's Gravitas (quite dangerous; 19% risk of failure)
Confirm with . or Enter, or press ? or * to list all spells.
The spell is quite dangerous to miscast (19% risk of failure)!
Continue anyway?
Aiming: Gell's Gravitas (quite dangerous; 19% risk of failure)
Press: ? - help, Dir - move target Gravity reorients around empty space.
The goblin collides with Robin!
You kill the goblin!
Fedhas appreciates your contribution to the ecosystem.
The goblin collides with Robin!
You kill the goblin!
Fedhas appreciates your contribution to the ecosystem.
* * * LOW HITPOINT WARNING * * *
The goblin disappears!
Robin throws the goblin at you!
* * * LOW HITPOINT WARNING * * *
The hobgoblin hits you.
* * * LOW HITPOINT WARNING * * *
😱 HP[-7]
You take 7 damage, and now have 1/28 hp.
MASSIVE DAMAGE!! (PAUSE) Unknown command.
You aren't carrying any potions.
Really read
b - a scroll of blinking {!r}?
Blink to where?
Press: ? - help, Dir - move target
As you read the scroll of blinking {!r}, it crumbles to dust.
The goblin unwields a +0 club.
The goblin wields a +0 hunting sling.
The goblin shoots a sling bullet.
The sling bullet barely misses you.
The goblin shoots a sling bullet.
The sling bullet closely misses you. 😱 HP[+1] Robin hits you from afar with a +0 spear.
You die...
Fedhas appreciates your contribution to the ecosystem.

Skill      XL: |  1  2 |
---------------+-------+-----
Spellcasting   | 3 |  3.3
Fighting       | |  2.0
Throwing       | |  0.7
Armour         | |  1.0
Dodging        | |  2.1
Unarmed Combat | |  2.0

Action                   || total
-------------------------++-------
Melee: Dagger            ||    93
       Unarmed           ||     2
       Punch             ||     3
Throw: Stone             ||    18
       Boomerang         ||     5
 Cast: Summon Small Mamm ||    10
       Gell's Gravitas   ||     2
       Teleport Other    ||     1
  Use: Scroll            ||     2
Armor: Leather armour    ||    21
Dodge: Dodged            ||    95

Levels and vault maps discovered:
D:1:      lordsloth_arrival_two_stooges, layout_basic,
          dreamdust_ecumenical_altar_drowned_temple
D:2:      layout_loops_ring, uniq_robin

Notes
Turn   | Place    | Note
-------+----------+-------------------------------------------
     0 | D:1      | spaghetti the Djinni Warper began the quest for the Orb.
     0 | D:1      | Reached XP level 1. HP: 18/18 MP: 0/0
     0 | D:1      | magus.rc [v1.9.6]
    27 | D:1      | HP: 3/18 [frozen (7)]
    39 | D:1      | HP: 3/18 [endoplasm (1)]
    55 | D:1      | HP: 3/18 [endoplasm (1)]
    70 | D:1      | HP: 2/18 [endoplasm (2)]
   540 | D:1      | HP: 2/18 [kobold/+0 short sword (5)]
   566 | D:2      | Reached XP level 2. HP: 5/23 MP: 0/0
   855 | D:1      | Found a faded altar of an unknown god.
   877 | D:1      | Prayed at the altar of an unknown god.
   877 | D:1      | Became a worshipper of Fedhas Madash
   877 | D:1      | Reached * piety under Fedhas
  1112 | D:1      | Reached skill level 3 in Spellcasting
  1448 | D:1      | Reached XP level 3. HP: 25/28 MP: 0/0
  1448 | D:1      | Learned a level 1 spell: Summon Small Mammal
  2117 | D:2      | Noticed Robin
  2121 | D:2      | HP: 3/28 [Robin/goblin (2)]
  2121 | D:2      | HP: 1/28 [hobgoblin[Robin] (2)]
  2131 | D:2      | Slain by Robin

Vanquished Creatures
  A dart slug (D:2)
  A bat (D:2)
  4 endoplasms (D:1)
  5 goblins (D:2)
  A hobgoblin (D:1)
  4 jackals (D:1)
  A quokka (D:1)
  A ball python (D:1)
  A frilled lizard (D:1)
  2 kobolds
  2 rats (D:1)
  A spectral kobold (D:1)
24 creatures vanquished.

Vanquished Creatures (collateral kills)
  An endoplasm (D:1)
  2 kobolds (D:1)
3 creatures vanquished.

Grand Total: 27 creatures vanquished

Table legend:
 A = Non-vault XP
 B = Vault XP
 C = Vault XP percentage of total XP
 D = Non-vault monster count
 E = Vault monster count
 F = Vault count percentage of total count
                 A         B        C        D         E       F
            +---------+---------+-------+---------+---------+-------
      Total |      36 |      10 |  21.7 |      21 |       6 |  22.2
            +---------+---------+-------+---------+---------+-------
        D:1 |      29 |       1 |   3.3 |      18 |       1 |   5.3
        D:2 |       7 |       9 |  56.2 |       3 |       5 |  62.5
            +---------+---------+-------+---------+---------+-------

Illustrated notes

Table legend:
 A = Kills in this place as a percentage of kills in entire the game.
 B = Kills by you in this place as a percentage of kills by you in the entire game.
 C = Kills by friends in this place as a percentage of kills by friends in the entire game.
 D = Other kills in this place as a percentage of other kills in the entire game.
 E = Experience gained in this place as a percentage of experience gained in the entire game.
 F = Experience gained in this place divided by the number of levels of this place that you have seen.
                   A       B       C       D       E      F
               +-------+-------+-------+-------+-------+----------------------
         Total | 100.0 | 100.0 | 100.0 |   N/A | 100.0 |  23.0
       Dungeon | 100.0 | 100.0 | 100.0 |   N/A | 100.0 |  23.0
               +-------+-------+-------+-------+-------+----------------------

Table legend: (Time is in decaauts)
 A = Elapsed time spent in this place.
 B = Non-inter-level travel time spent in this place.
 C = Inter-level travel time spent in this place.
 D = Time resting spent in this place.
 E = Time spent auto-exploring this place.
 F = Levels seen in this place.
 G = Mean time per level.
                   A        B        C        D        E       F      G
               +--------+--------+--------+--------+--------+-----+--------+
         Total |   2134 |   2068 |     66 |    793 |    885 |   2 | 1067.0 |
       Dungeon |   2134 |   2068 |     66 |    793 |    885 |   2 | 1067.0 |
               +--------+--------+--------+--------+--------+-----+--------+

Top non-repeatable levels by time:
     D:1: 1563 daAuts
     D:2: 570 daAuts
